 Dungeon Crawl Stone Soup version 0.27-a0-1193-g8631133539 (webtiles) character file.

Game seed: 8430274147825474355

6512 Froggeryz the Grappler (level 10, -4/118 HPs)
             Began as a Yellow Draconian Berserker on May 25, 2021.
             Was an Elder of Trog.
             Slain by a cane toad (18 damage)
             ... on level 2 of the Lair of Beasts.
             The game lasted 00:08:33 (11350 turns).

Froggeryz the Grappler (DrBe)                      Turns: 11350, Time: 00:08:34

Health: -4/118     AC: 11    Str: 22 (23) XL:     10   Next: 69%
Magic:  10/10      EV: 15    Int:  6 (7)  God:    Trog [****..]
Gold:   542        SH:  0    Dex: 18 (19) Spells: 9/9 levels left

rFire    . . .     SeeInvis .     - Unarmed
rCold    . . .     Faith    .   (no shield)
rNeg     . . .     Spirit   .   (armour unavailable)
rPois    .         Reflect  .   (helmet restricted)
rElec    .         Harm     .   (no cloak)
rCorr    +         Rampage  .   (no gloves)
Will     .....                  (no boots)
Stlth    ..........             (no amulet)
HPRegen  0.29/turn              F - +4 ring of protection
MPRegen  0.12/turn              i - +6 ring of dexterity

@: berserking, lethally poisoned (-4 -> -18), studying Shields, very quick
A: spit acid, AC +7, unfitting armour, cold-blooded, acid resistance, strong 1,
MP-powered wands
a: Breathe Acid, Renounce Religion, Berserk, Trog's Hand, Brothers in Arms


You were on level 2 of the Lair of Beasts.
You worshipped Trog.
Trog was greatly pleased with you.
You visited 2 branches of the dungeon, and saw 11 of its levels.
You also visited: Sewer.

You collected 542 gold pieces.

Inventory:

Missiles
 f - 28 poisoned darts (quivered)
 o - 13 javelins
 u - 2 boomerangs
Jewellery
 b - a ring of fire
 i - a +6 ring of dexterity (right hand)
 x - a ring of positive energy
 D - a ring of ice
 F - a +4 ring of protection (left hand)
Wands
 c - a wand of flame (5)
 m - a wand of polymorph (7)
 r - a wand of iceblast (13)
Scrolls
 a - 5 scrolls of teleportation
 d - a scroll of silence {unknown}
 e - a scroll of blinking
 g - a scroll of fear {unknown}
 n - 4 scrolls of enchant weapon
 s - 2 scrolls of amnesia
 t - a scroll of torment {unknown}
 v - 2 scrolls of magic mapping
 w - a scroll of vulnerability
 y - a scroll of summoning {unknown}
 B - a scroll of brand weapon {unknown}
 C - a scroll of noise
Potions
 h - 2 potions of mutation
 j - a potion of heal wounds
 k - 2 potions of flight
 l - a potion of cancellation
 p - a potion of lignification
 q - 2 potions of degeneration
 z - 3 potions of curing {unknown}
 A - a potion of brilliance {unknown}
 E - a potion of haste


   Skills:
 + Level 4.3 Fighting
 - Level 6.0 Throwing
 - Level 5.4 Dodging
 * Level 4.9 Shields
 - Level 13.2 Unarmed Combat


You had 9 spell levels left.
You didn't know any spells.
Your spell library was empty.

Dungeon Overview and Level Annotations

Branches:
Dungeon (9/15)             Temple (0/1) D:7            Lair (2/6) D:9
  Sewer (visited)
  Swamp: Lair:2-4    Shoals: Lair:2-4     Snake: Lair:2-4    Spider: Lair:2-4
    Orc: D:9-12

Altars:
Cheibriados
Hepliaklqana
Uskayaw
The Shining One


Innate Abilities, Weirdness & Mutations

You can spit globs of acid.
Your golden yellow scales are hard. (AC +7)
You cannot fit into any form of body armour.
You are cold-blooded and may be slowed by cold attacks.
You are resistant to acid. (rCorr)
Your muscles are strong. (Str +2)
You expend magic power (3 MP) to strengthen your wands.


Message History

The cane toad stings you!
* * * LOW HITPOINT WARNING * * *
You hit the cane toad but do no damage.
The cane toad is severely wounded.
* * * LOW HITPOINT WARNING * * *
You feel very sick. The cane toad stings you.
* * * LOW HITPOINT WARNING * * *
You feel much better.
You feel very sick. The cane toad stings you!
* * * LOW HITPOINT WARNING * * *
You are lethally poisoned!
The cane toad poisons you!
A red film seems to cover your vision as you go berserk!
You feel yourself moving faster!
You feel mighty!
* * * LOW HITPOINT WARNING * * *
You feel extremely sick. The cane toad closely misses you.
You barely miss the cane toad.
The cane toad is severely wounded.
* * * LOW HITPOINT WARNING * * *
You feel sick. The cane toad barely misses you.
You punch the cane toad!
Your tail-slap misses the cane toad.
The cane toad is almost dead.
* * * LOW HITPOINT WARNING * * *
You feel very sick.
You closely miss the cane toad.
Your tail-slap misses the cane toad.
The cane toad is almost dead.
* * * LOW HITPOINT WARNING * * *
You feel sick. The cane toad closely misses you.
You closely miss the cane toad. Your punch misses the cane toad.
The cane toad is almost dead.
* * * LOW HITPOINT WARNING * * *
You feel sick.
You barely miss the cane toad.
Your tail-slap misses the cane toad.
The cane toad is almost dead.
* * * LOW HITPOINT WARNING * * *
You feel sick. The cane toad stings you!!
You die...

## #.# #..
##..#######
##.........###
#.............
#....<.......
#....@.....##
#....F.....#
#.........##
#.........#
#..........#
##P.#...####
..^.....
........##


You could see a cane toad.

Vanquished Creatures
  A two-headed ogre (D:6)
  A polar bear (Lair:1)
  2 trolls
  Grinder (D:4)
  A shadow (D:7)
  A basilisk (Lair:1)
  A vampire (D:9)
  9 yaks (D:8)
  4 water moccasins
  2 sky beasts (D:6)
  Purgy (Sewer)
  2 orc warriors
  4 black bears
  A necrophage (D:4)
  2 ogres
  4 wolves (Lair:1)
  2 centaurs
  6 bullfrogs
  A water moccasin skeleton (D:5)
  A wyvern skeleton (D:7)
  3 wights (D:8)
  A jelly (D:6)
  4 orc priests
  3 hounds
  A bullfrog skeleton (D:6)
  Jessica (D:3)
  2 iguanas
  4 orc wizards
  A killer bee zombie (D:6)
  A hound skeleton (D:4)
  A howler monkey zombie (D:8)
  8 adders
  4 gnolls (D:3)
  An ufetubus (D:5)
  2 worms (D:2)
  An adder skeleton (D:4)
  The ghost of glosham the Sneak, a weakling DjDe (D:7)
  2 dart slugs
  24 orcs
  6 ball pythons
  10 endoplasms
  4 giant cockroaches
  5 goblins
  6 hobgoblins
  10 jackals
  2 quokkas
  4 bats
  5 frilled lizards
  8 kobolds
  5 rats
177 creatures vanquished.

Vanquished Creatures (others)
  A plant (Lair:1)
1 creature vanquished.

Grand Total: 178 creatures vanquished

Notes
Turn   | Place    | Note
-------+----------+-------------------------------------------
     0 | D:1      | Froggeryz the Draconian Berserker began the quest for the
                  | Orb.
     0 | D:1      | Reached XP level 1. HP: 19/19 MP: 1/1
   205 | D:1      | Reached XP level 2. HP: 26/26 MP: 2/2
   403 | D:1      | Reached skill level 4 in Unarmed Combat
   595 | D:1      | Reached ** piety under Trog
   897 | D:1      | Found a faded altar of an unknown god.
  1104 | D:2      | Reached XP level 3. HP: 30/31 MP: 3/3
  1858 | D:2      | Reached skill level 5 in Unarmed Combat
  1858 | D:2      | Reached XP level 4. HP: 38/38 MP: 4/4
  2570 | D:3      | Noticed Jessica
  2582 | D:3      | Killed Jessica
  2583 | D:3      | Reached XP level 5. HP: 31/45 MP: 5/5
  2929 | D:3      | Reached skill level 6 in Unarmed Combat
  3775 | D:4      | Found a glowing drain.
  3776 | D:4      | Noticed Grinder
  3785 | D:4      | Killed Grinder
  3786 | D:4      | Reached skill level 7 in Unarmed Combat
  3786 | D:4      | Reached XP level 6. HP: 51/51 MP: 6/6
  3826 | D:4      | Reached *** piety under Trog
  3840 | Sewer    | Entered a sewer
  3980 | Sewer    | Noticed Purgy
  3988 | Sewer    | Killed Purgy
  3989 | Sewer    | Your scales start taking on a golden yellow colour.
  3989 | Sewer    | Reached XP level 7. HP: 57/57 MP: 7/7
  3989 | Sewer    | Gained mutation: You are resistant to acid. (rCorr) [Yellow
                  | Draconian growth]
  4182 | D:4      | Reached skill level 8 in Unarmed Combat
  4825 | D:5      | Entered Level 5 of the Dungeon
  5355 | D:5      | Reached skill level 9 in Unarmed Combat
  5355 | D:5      | Reached XP level 8. HP: 22/63 MP: 8/8
  5996 | D:6      | Reached skill level 5 in Dodging
  6271 | D:6      | Reached **** piety under Trog
  6314 | D:6      | Reached skill level 1 in Throwing
  6314 | D:6      | Reached skill level 10 in Unarmed Combat
  6627 | D:6      | Noticed a two-headed ogre
  6639 | D:6      | Killed a two-headed ogre
  6640 | D:6      | Reached skill level 11 in Unarmed Combat
  6640 | D:6      | Reached XP level 9. HP: 70/70 MP: 9/9
  6806 | D:6      | Noticed a troll
  6817 | D:6      | Killed a troll
  6969 | D:7      | Found a staircase to the Ecumenical Temple.
  7466 | D:7      | Found a runed translucent gate.
  7467 | D:7      | Found a runed translucent gate.
  7469 | D:7      | Found a runed translucent gate.
  7470 | D:7      | Noticed glosham's ghost (weakling DjDe)
  7497 | D:7      | Killed glosham's ghost
  7653 | D:7      | Identified the +1 scale mail of Fortitude {Str+3}
  7856 | D:7      | Found a snail-covered altar of Cheibriados.
  7856 | D:7      | Found a hide-covered altar of Uskayaw.
  8134 | D:8      | Reached skill level 12 in Unarmed Combat
  8322 | D:8      | Found a hazy altar of Hepliaklqana.
  8329 | D:8      | Reached XP level 10. HP: 75/77 MP: 10/10
  8431 | D:8      | Reached skill level 5 in Throwing
  9434 | D:9      | Found a staircase to the Lair.
  9761 | D:9      | Found a glowing golden altar of the Shining One.
  9821 | D:9      | Gained mutation: You expend magic power (3 MP) to
                  | strengthen your wands. [potion of mutation]
  9821 | D:9      | Gained mutation: Your muscles are strong. (Str +2) [potion
                  | of mutation]
  9834 | D:9      | Reached skill level 13 in Unarmed Combat
 10100 | D:9      | Identified a scroll of acquirement
 10107 | D:9      | Acquired a manual of Shields
 10110 | Lair:1   | Entered Level 1 of the Lair of Beasts
 10149 | Lair:1   | Reached skill level 1 in Shields
 11331 | Lair:2   | Noticed a cane toad
 11350 | Lair:2   | Slain by a cane toad

Illustrated notes

Levels and vault maps discovered:
D:1:      zaba_arrival_water, layout_basic,
          hellmonk_ecumenical_altar_prayer_group, minmay_misc_feat_plants
D:2:      layout_basic, palyth_stone_intersect, minmay_hedge_maze
D:3:      layout_basic, uniq_jessica
D:4:      layout_basic, gup_sewer_entry_glass, uniq_grinder
D:5:      layout_basic, feat_on_display
D:6:      layout_basic
D:7:      layout_loops_ring, gammafunk_temple_overflow_statue, temple_fountains,
          ebering_ghost_rock_garden
D:8:      layout_basic, nicolae_overflow_hidden_temple
D:9:      layout_rooms, general_overflow_altar, lair_entry_dummy
Lair:1:   layout_regular_city, chequers_serial_rivers_micro_a,
          grunt_megastairs_5
Lair:2:   layout_roguey [special_room_bee], nicolae_swamp_entry_splash_gauntlet,
          lemuel_centaur_altar, minmay_lair_oklob_chamber, uniq_fannar,
          uniq_prince_ribbit2

Skill      XL: |  1  2  3  4  5  6  7  8  9 10 |
---------------+-------------------------------+-----
Unarmed Combat | 4 5 7 9 11 12 13 | 13.2
Dodging        | 3 4 5 |  5.4
Throwing       | 3 4 6 |  6.0
Shields        | 4 |  4.9
Fighting       | 4 |  4.3

Action                   |  1- 3 |  4- 6 |  7- 9 | 10-12 || total
-------------------------+-------+-------+-------+-------++-------
Melee: Unarmed           |   132 |   109 |   249 |   153 ||   643
       Tailslap          |    16 |    15 |    50 |    43 ||   124
       Punch             |     2 |     3 |    19 |     5 ||    29
Invok: Berserk           |     1 |     4 |     4 |     5 ||    14
       Trog's Hand       |       |       |       |     2 ||     2
  Use: Scroll            |       |       |     1 |     8 ||     9
       Potion            |       |       |       |     9 ||     9
 Stab: Sleeping          |     4 |     3 |     2 |     1 ||    10
Armor: Skin              |    26 |    33 |    65 |    35 ||   159
Dodge: Dodged            |    65 |    67 |   144 |    88 ||   364

Table legend: (Time is in decaauts)
 A = Elapsed time spent in this place.
 B = Non-inter-level travel time spent in this place.
 C = Inter-level travel time spent in this place.
 D = Time resting spent in this place.
 E = Time spent auto-exploring this place.
 F = Levels seen in this place.
 G = Mean time per level.
                   A        B        C        D        E       F      G
               +--------+--------+--------+--------+--------+-----+--------+
         Total |  11365 |  11023 |    342 |   1795 |   8015 |  12 |  947.1 |
       Dungeon |  10171 |   9868 |    303 |   1739 |   7089 |   9 | 1130.1 |
          Lair |    953 |    914 |     39 |      5 |    792 |   2 |  476.5 |
         Sewer |    240 |    240 |      0 |     51 |    133 |   1 |  240.0 |
               +--------+--------+--------+--------+--------+-----+--------+

Top non-repeatable levels by time:
     D:3: 1507 daAuts
     D:7: 1174 daAuts
     D:9: 1165 daAuts
     D:8: 1133 daAuts
     D:2: 1126 daAuts
     D:1: 1105 daAuts
     D:5: 1091 daAuts
     D:6: 994 daAuts
  Lair:1: 939 daAuts
     D:4: 872 daAuts
   Sewer: 240 daAuts
  Lair:2: 13 daAuts
